 Dungeon Crawl Stone Soup version 0.32-a0-306-gfed3edf829 (webtiles) character file.

Game seed: 14386177528976843996

215864 zenocrate the Imperceptible (level 19, -10/148 HPs)
             Began as an Octopode Delver on Feb 14, 2024.
             Was an Initiate of Gozag.
             Mangled by a vampire knight
             ... wielding a +0 dire flail
              (31 damage)
             ... on level 1 of the Depths.
             The game lasted 01:05:08 (48078 turns).

zenocrate the Imperceptible (Octopode Delver)      Turns: 48078, Time: 01:05:08

Health: -10/148    AC:  9    Str: 16    XL:     19   Next: 3%
Magic:  33/33      EV: 23    Int: 25    God:    Gozag
Gold:   230        SH:  7    Dex: 19    Spells: 4/25 levels left

rFire   + + .        a - +7 rapier (elec)
rCold   . . .        F - +1 buckler "Tayralist" {MP+9 Stlth+}
rNeg    + . .        (helmet restricted)
rPois   +            y - amulet of the acrobat
rElec   .            b - ring "Zomov" {Str+3 Slay+4}
rCorr   .            Z - +6 ring of intelligence
SInv    .            N - ring "Araxzejea" {rPois rF+ rN+ AC+4 Stlth-}
Will    +....        Q - +6 ring of intelligence
Stlth   +++++++++    R - ring of willpower
HPRegen 0.44/turn    S - +4 ring of protection
MPRegen 0.23/turn    H - +4 ring of slaying
                     I - ring of protection from fire

%: acrobat
@: mighty, about to teleport, weak-willed, invisible
A: almost no armour, amphibious, 8 rings, camouflage 1, gelatinous body 1,
(nimble swimmer 1), tentacles, robust 1
}: 1/15 runes: decaying
a: Renounce Religion, Potion Petition, Call Merchant, Bribe Branch


You were on level 1 of the Depths.
You worshipped Gozag.
Gozag was aware of your devotion.
You visited 7 branches of the dungeon, and saw 32 of its levels.
You also visited: Ossuary.

You collected 11309 gold pieces.
You spent 4678 gold pieces at shops.
You paid 6401 gold pieces to Gozag.

Inventory:

Hand Weapons
 a - a +7 rapier of electrocution (weapon)
Missiles
 k - 4 datura-tipped darts (quivered)
 m - 5 atropa-tipped darts
 E - 11 curare-tipped darts
 O - 28 boomerangs
 V - a throwing net
Armour
 F - the +1 buckler "Tayralist" (worn) {MP+9 Stlth+}
   (You bought it in a shop on level 2 of the Orcish Mines)

   MP+9:      It affects your magic capacity (+9).
   Stlth+:    It makes you more stealthy.
Jewellery
 b - the ring "Zomov" (left tentacle) {Str+3 Slay+4}
   (You bought it in a shop on level 1 of the Depths)

   [ring of slaying]

   Str+3:     It affects your strength (+3).
   Slay+4:    It affects your accuracy & damage with ranged weapons and melee
   (+4).
 q - a +4 ring of slaying
 y - an amulet of the acrobat (around mantle)
 H - a +4 ring of slaying (on tentacle)
 I - a ring of protection from fire (on tentacle)
 N - the ring "Araxzejea" (on tentacle) {rPois rF+ rN+ AC+4 Stlth-}
   (You bought it in a shop on level 4 of the Dungeon)

   [ring of protection]

   AC+4:      It affects your AC (+4).
   rF+:       It protects you from fire.
   rPois:     It protects you from poison rN+: It protects you from negative
   energy.
   Stlth-:    It makes you less stealthy.
 Q - a +6 ring of intelligence (on tentacle)
 R - a ring of willpower (on tentacle)
 S - a +4 ring of protection (on tentacle)
 T - a ring of protection from fire
 W - a ring of positive energy
 Z - a +6 ring of intelligence (right tentacle)
Wands
 d - a wand of flame (19)
 f - a wand of digging (7)
 U - a wand of paralysis (1)
Scrolls
 g - 8 scrolls of fog
 h - a scroll of immolation
 p - 4 scrolls of poison
 s - 2 scrolls of teleportation
 u - a scroll of fear
 v - a scroll of silence
 G - 3 scrolls of revelation
 J - 7 scrolls of identify
Potions
 e - 3 potions of haste
 n - 8 potions of curing
 o - 5 potions of attraction
 t - 2 potions of cancellation
 z - 4 potions of resistance
 A - 4 potions of brilliance
 B - a potion of might
 D - 3 potions of heal wounds
 M - 3 potions of enlightenment
 Y - a potion of ambrosia


   Skills:
 + Level 13.4 Fighting
 + Level 14.6 Short Blades
 + Level 15.5 Dodging
 + Level 22.3 Stealth
 - Level 4.0 Shields
 + Level 7.8 Unarmed Combat
 - Level 3.6 Spellcasting
 - Level 9.1 Hexes
 - Level 6.4 Ice Magic
 - Level 10.0 Evocations
 + Level 6.2 Shapeshifting


You had 4 spell levels left.
You knew the following spells:

 Your Spells              Type           Power      Damage    Failure   Level
a - Ensorcelled Hibernat  Hex/Ice        86%        N/A       1%          2
b - Fugue of the Fallen   Necr           4%         N/A       36%         3
c - Tukima's Dance        Hex            50%        N/A       1%          3
d - Yara's Violent Unrav  Hex/Alch       13%        3d7       45%         5
e - Cause Fear            Hex            25%        N/A       2%          4
z - Passage of Golubria   Tloc           4%         N/A       77%         4

Your spell library contained the following spells:

 Spells                   Type           Power      Damage    Failure   Level
 Freeze                   Ice            100%       1d10      1%          1
 Frozen Ramparts          Ice            72%        1d11      2%          3
 Hailstorm                Conj/Ice       20%        3d7       10%         3
 Summon Ice Beast         Ice/Summ       20%        N/A       10%         3
 Necrotise                Necr           16%        1d4       12%         1
 Call Imp                 Summ           8%         N/A       19%         2
 Cigotuvi's Dreadful Rot  Necr/Alch/Air  8%         N/A       19%         2
 Scorch                   Fire           8%         2d5       19%         2
 Sublimation of Blood     Necr           4%         N/A       19%         2
 Anguish                  Hex/Necr       13%        N/A       19%         4
 Dimensional Bullseye     Hex/Tloc       13%        N/A       19%         4
 Gell's Gravitas          Tloc           4%         N/A       36%         3
 Teleport Other           Tloc           4%         N/A       36%         3
 Vampiric Draining        Necr           4%         2d6       36%         3
 Dispel Undead            Necr           4%         3d7       77%         4
 Flame Wave               Conj/Fire      4%         2d5       77%         4
 Iskenderun's Mystic Bla  Conj/Tloc      4%         2d3       77%         4
 Martyr's Knell           Necr/Summ      4%         N/A       77%         4
 Summon Mana Viper        Hex/Summ       27%        N/A       45%         5
 Enfeeble                 Hex            25%        N/A       94%         7
 Curse of Agony           Necr           4%         N/A       98%         5
 Summon Forest            Summ/Tloc      2%         N/A       98%         5
 Death Channel            Necr           2%         N/A       100%        6
 Dispersal                Tloc           2%         N/A       100%        6
 Summon Cactus Giant      Summ           2%         N/A       100%        6
 Monstrous Menagerie      Summ           2%         N/A       100%        7
 Summon Hydra             Summ           2%         N/A       100%        7


Dungeon Overview and Level Annotations

Branches:
Dungeon (15/15)            Temple (1/1) D:7            Lair (5/5) D:9
  Swamp (4/4) Lair:2        Snake (4/4) Lair:3        Slime (0/5) Lair:4
    Orc (2/2) D:12            Elf (0/3) Orc:2        Vaults (0/5) D:14
 Depths (1/4) D:15        Ossuary (visited)

Altars:
Ashenzari
Cheibriados
Dithmenos
Elyvilon
Fedhas
Gozag
Hepliaklqana
Kikubaaqudgha
Makhleb
Nemelex Xobeh
Okawaru
Qazlal
Ru
Sif Muna
Trog
Uskayaw
Vehumet
Wu Jian
Xom
Yredelemnul
Zin
The Shining One
Beogh
Jiyva

Shops:
D:2 (   D:4 =   D:10 [   Orc:2 [*[=[   Lair:1 ==?=!   Snake:3 ?   Depths:1 =

Portals:
Hell: Depths:1
Abyss: Depths:1

Annotations:
D:4 1 runed translucent door
D:7 3 runed translucent doors, zenocrate's ghost, novice OpDe
Abyss:1 Fannar


Innate Abilities, Weirdness & Mutations

You cannot wear most types of armour.
You are amphibious.
You can wear up to eight rings at the same time.
Your skin changes colour to match your surroundings (Stealth+).
Your rubbery body absorbs attacks. (AC +1, EV +1)
((You are camouflaged when in or above water. (Stealth+)))
You have tentacles for arms and can constrict up to eight enemies at once.
You are robust. (+10% HP)


Message History

You hear some strange, mumbled words.
The phantasmal warrior gestures at you.
The phantasmal warrior blinks!
Unknown command.
You hit something. Something hits you!!
* * * LOW HITPOINT WARNING * * *
Something bites you.
* * * LOW HITPOINT WARNING * * *
Unknown command.
Okay, then.
Okay, then.
You feel much better.
* * * LOW HITPOINT WARNING * * *
Unknown command.
You feel much better. Something closely misses you. Something bites you!
You block something's attack. Something bites you.
Something draws strength from your injuries!
Unknown command.
You barely miss something.
Unknown command.
You impale something!! Something hits you. Something bites you.
* * * LOW HITPOINT WARNING * * *
Unknown command.
You hit something. Your squeeze misses something. Something hits you!!
* * * LOW HITPOINT WARNING * * *
Something bites you.
* * * LOW HITPOINT WARNING * * *
Something draws strength from your injuries!
Unknown command.
Okay, then.
Okay, then.
Okay, then.
Blink to where?
Press: ? - help, Dir - move target
As you read the scroll of blinking, it crumbles to dust.
Unknown command.
As you read the scroll of teleportation, it crumbles to dust.
You feel strangely unstable. Something hits you!!
You die...
Your body crumbles into a pile of gold.

#.........# #. #.........#
#. ##'######## #. ##.......#
#. #.♣......# #. ##.......#
#. #.#......## #.
##.#.#.#..########
###@#.#.#.#....^..#
#####.∩.#######.......#
#.#.#.######+##.∩.....#
##.#.#.#§## #.............#
.......W#.# #.............#
.........## #...(.........#
........♣.# #.)....>......##
####.#...####......########.
#.###+#.....##'##........


You could see a phantasmal warrior.

Vanquished Creatures
  the Lernaean hydra (Swamp:4)
  Frances (Snake:1)
  Kirke (D:15)
  A thorn hunter (Swamp:2)
  A fenstrider witch (Swamp:2)
  Aizul (Snake:1)
  2 nagarajas
  Donald (Swamp:4)
  An iron dragon (Depths:1)
  3 ghouls
  Louise (Snake:1)
  An orc warlord (Orc:2)
  A very ugly thing (Depths:1)
  2 stone giants (Depths:1)
  2 dire elephants (Swamp:4)
  2 eleionomae (Swamp:1)
  An ettin (D:14)
  An entropy weaver (shapeshifter) (D:13)
  An ice dragon (Depths:1)
  2 ghost crabs (Swamp:2)
  19 hydras
  An ogre mage (D:15)
  A salamander tyrant (Snake:2)
  Erolcha (D:9)
  A catoblepas (Lair:4)
  7 alligators
  10 anacondas
  2 centaur warriors
  11 two-headed ogres
  3 boulder beetles
  A death yak (Lair:4)
  5 naga warriors
  An orc high priest (Orc:2)
  A tengu warrior (D:14)
  7 naga sharpshooters
  3 shock serpents
  A deep elf knight (Swamp:4)
  Nergalle (Lair:2)
  3 skysharks (Lair:5)
  5 skeletal warriors
  3 salamander mystics
  12 swamp dragons
  4 goliath frogs
  6 spriggan druids
  11 mana vipers
  A storm dragon skeleton (D:15)
  5 naga ritualists
  A deep elf archer (Swamp:4)
  7 bog bodies
  A phantasmal warrior (Depths:1)
  An arcanist (D:13)
  8 orc sorcerers
  2 oklob plants
  A necromancer (D:14)
  10 orc knights
  6 ugly things
  8 salamanders
  2 will-o-the-wisps
  3 cyclopes
  15 elephants
  30 black mambas
  2 kobold blastminers (Orc:1)
  3 meliai (D:14)
  2 gargoyles
  5 guardian serpents
  10 naga magi
  23 cane toads
  4 rime drakes
  An unseen horror (D:10)
  3 kobold demonologists
  10 komodo dragons
  Psyche (D:8)
  A tengu conjurer (D:14)
  A bloated husk (Swamp:1)
  3 polar bears
  10 trolls
  12 hornets
  8 tyrant leeches
  18 blink frogs
  7 saltlings (Orc:2)
  A jumping spider (shapeshifter) (D:10)
  Sigmund (D:5)
  3 slime creatures (D:12)
  A shadow (D:12)
  10 spriggans
  Eustachio (D:4)
  4 wyverns
  3 wraiths
  The ghost of jboons the Poker, an amateur MDMo (D:4)
  5 basilisks
  5 hogs (D:15)
  63 yaks
  6 wargs
  10 vampire mosquitoes
  Edmund (D:4)
  12 swamp worms
  11 water moccasins
  A hell hound (Swamp:4)
  38 nagas
  2 acid dragons
  4 swamp drakes (Swamp:4)
  18 orc warriors
  4 ice beasts
  22 wolves
  7 black bears
  6 centaurs
  9 ogres
  6 kobold brigands
  23 bullfrogs
  A gnoll sergeant (D:11)
  A necrophage (Swamp:3)
  A scorpion (D:7)
  10 wights (D:9)
  7 killer bees
  2 electric eels (Lair:5)
  4 howler monkeys
  2 bombardier beetles
  2 hounds (D:6)
  6 jellies
  15 orc priests
  Jessica (D:3)
  5 iguanas
  19 orc wizards
  8 mummies (Ossuary)
  3 gnolls (D:11)
  9 adders
  3 white imps
  2 ribbon worms
  A dart slug (D:3)
  66 orcs
  4 bats
  7 endoplasms
  6 giant cockroaches
  3 gnoll zombies (Ossuary)
  3 goblins
  12 hobgoblins
  8 jackals
  3 quokkas
  9 ball pythons
  3 frilled lizards
  2 hobgoblin zombies (Ossuary)
  28 kobolds
  2 kobold zombies (Ossuary)
  An orc zombie (Ossuary)
  7 rats
916 creatures vanquished.

Vanquished Creatures (others)
  A swamp worm (Swamp:2)
  2 orcs
  12 foxfires (Swamp:1)
15 creatures vanquished.

Grand Total: 931 creatures vanquished

Notes
Turn   | Place    | Note
-------+----------+-------------------------------------------
     0 | D:5      | zenocrate the Octopode Delver began the quest for the Orb.
     0 | D:5      | Reached XP level 1. HP: 16/16 MP: 1/1
     3 | D:4      | Noticed Eustachio
     7 | D:4      | Killed Eustachio
     8 | D:4      | Reached skill level 7 in Stealth
     8 | D:4      | Reached XP level 2. HP: 21/21 MP: 2/2
     8 | D:4      | Reached XP level 3. HP: 26/26 MP: 3/3
     8 | D:4      | Reached XP level 4. HP: 31/31 MP: 4/4
     8 | D:4      | Reached XP level 5. HP: 36/36 MP: 5/5
   534 | D:1      | Reached skill level 8 in Stealth
   710 | D:1      | Found a faded altar of an unknown god.
   822 | D:2      | Reached skill level 1 in Evocations
   924 | D:2      | Reached XP level 6. HP: 42/42 MP: 6/6
  1204 | D:2      | Found Ybextapi's Antique Weapon Shoppe.
  2079 | D:3      | Noticed Jessica
  2085 | D:3      | Killed Jessica
  2648 | D:4      | Noticed Edmund
  2679 | D:4      | Killed Edmund
  2680 | D:4      | Reached XP level 7. HP: 29/38 MP: 7/7
  2767 | D:4      | Identified the +0 pair of gloves of Optimism {Rampage rCorr
                  | Int-2 Dex+2}
  2847 | D:4      | Found Vimau's Jewellery Shoppe.
  2968 | D:4      | Found a runed translucent door.
  2970 | D:4      | Noticed jboons's ghost (amateur MDMo)
  2989 | D:4      | Found a runed translucent door.
  2998 | D:4      | Found a basalt altar of Yredelemnul.
  3498 | D:5      | Reached skill level 9 in Stealth
  3544 | D:5      | Noticed Sigmund
  3551 | D:5      | Killed Sigmund
  3552 | D:5      | Reached skill level 5 in Short Blades
  3552 | D:5      | Reached skill level 5 in Dodging
  3552 | D:5      | Reached XP level 8. HP: 17/52 MP: 8/8
  3819 | D:6      | Noticed a two-headed ogre
  3822 | D:6      | Killed a two-headed ogre
  3823 | D:6      | Reached skill level 10 in Stealth
  3992 | D:6      | Reached skill level 1 in Unarmed Combat
  4139 | D:6      | Reached XP level 9. HP: 56/56 MP: 9/9
  4683 | D:7      | Reached skill level 11 in Stealth
  4841 | D:7      | Found a sand-covered staircase.
  4848 | Ossuary  | Entered an ossuary
  5076 | D:7      | Found a runed translucent gate.
  5077 | D:7      | Found a runed translucent gate.
  5077 | D:7      | Noticed a kobold demonologist
  5078 | D:7      | Found a runed translucent gate.
  5080 | D:7      | Noticed zenocrate's ghost (novice OpDe)
  5129 | D:7      | Found a staircase to the Ecumenical Temple.
  5145 | Temple   | Entered the Ecumenical Temple
  5167 | Temple   | Became a worshipper of Gozag Ym Sagoz the Greedy
  6667 | D:8      | Reached XP level 10. HP: 20/63 MP: 10/10
  6946 | D:8      | Noticed Psyche
  6960 | D:8      | Reached skill level 12 in Stealth
  6965 | D:8      | Killed Psyche
  7183 | D:8      | Gained mutation: You are robust. (+10% HP) [potion of
                  | mutation]
  7240 | D:9      | Noticed Erolcha
  7243 | D:9      | Killed Erolcha
  7451 | D:8      | Reached skill level 5 in Fighting
  7835 | D:9      | Reached skill level 13 in Stealth
  8402 | D:9      | Found a staircase to the Lair.
  8422 | D:9      | Noticed a two-headed ogre
  8429 | D:9      | Killed a two-headed ogre
  8430 | D:9      | Reached XP level 11. HP: 79/79 MP: 11/11
  8467 | D:9      | Noticed a two-headed ogre
  8472 | D:9      | Killed a two-headed ogre
  8823 | Lair:1   | Entered Level 1 of the Lair of Beasts
  8941 | Lair:1   | Reached skill level 1 in Shields
  8954 | Lair:1   | Reached skill level 14 in Stealth
  9846 | Lair:1   | Noticed a boulder beetle
  9862 | Lair:1   | Banished a boulder beetle
  9962 | Lair:1   | Noticed an oklob plant
 10134 | Lair:1   | Reached XP level 12. HP: 74/86 MP: 12/12
 10230 | Lair:1   | Reached skill level 10 in Dodging
 10238 | Lair:1   | Reached skill level 10 in Short Blades
 10238 | Lair:1   | Reached skill level 15 in Stealth
 10675 | Lair:2   | Noticed Nergalle
 10682 | Lair:2   | Killed Nergalle
 10734 | Lair:2   | Found a staircase to the Swamp.
 10734 | Lair:2   | Noticed an eleionoma
 10739 | Lair:2   | Banished an eleionoma
 10894 | Lair:2   | Reached skill level 5 in Evocations
 11433 | Lair:2   | Learned a level 2 spell: Ensorcelled Hibernation
 11690 | Lair:2   | Noticed a seven-headed hydra
 11698 | Lair:2   | Killed a seven-headed hydra
 12208 | D:4      | Bought the ring "Araxzejea" {rPois rF+ rN+ AC+4 Stlth-} for
                  | 798 gold pieces
 12236 | D:4      | Killed jboons's ghost
 12432 | Swamp:1  | Entered Level 1 of the Swamp
 12432 | Swamp:1  | Noticed a six-headed hydra
 12442 | Lair:2   | Killed a six-headed hydra
 12443 | Lair:2   | Reached skill level 16 in Stealth
 12443 | Lair:2   | Reached skill level 1 in Hexes
 12443 | Lair:2   | Reached skill level 1 in Ice Magic
 12535 | Lair:3   | Found a staircase to the Snake Pit.
 12551 | Lair:3   | Reached skill level 1 in Spellcasting
 12563 | Lair:3   | Noticed a seven-headed hydra
 13199 | Lair:2   | Learned a level 3 spell: Fugue of the Fallen
 13590 | Lair:3   | Reached XP level 13. HP: 36/94 MP: 15/15
 14913 | Lair:1   | Bought a +6 ring of intelligence for 576 gold pieces
 15641 | Lair:4   | Reached skill level 17 in Stealth
 17057 | Lair:4   | Found a viscous altar of Jiyva.
 17226 | Lair:4   | Found a staircase to the Slime Pits.
 17735 | D:4      | Bought a +4 ring of protection for 504 gold pieces
 17908 | Lair:5   | Entered Level 5 of the Lair of Beasts
 18105 | Lair:4   | Reached XP level 14. HP: 90/103 MP: 19/19
 19001 | Lair:4   | Reached skill level 18 in Stealth
 19563 | Lair:5   | Reached skill level 5 in Hexes
 19568 | Lair:5   | Reached skill level 5 in Ice Magic
 20851 | Lair:5   | Learned a level 5 spell: Summon Mana Viper
 21085 | Lair:1   | Bought 2 scrolls of blinking for 180 gold pieces
 21085 | Lair:1   | Bought a scroll of fog for 48 gold pieces
 21085 | Lair:1   | Bought a scroll of teleportation for 36 gold pieces
 21085 | Lair:1   | Bought a scroll of brand weapon for 114 gold pieces
 21085 | Lair:1   | Bought a scroll of revelation for 90 gold pieces
 21125 | D:10     | Entered Level 10 of the Dungeon
 21960 | D:10     | Found Wyeno's Armour Shoppe.
 22306 | D:11     | Reached XP level 15. HP: 54/111 MP: 20/20
 22860 | D:11     | Noticed Fannar
 22874 | D:11     | Banished Fannar
 23108 | D:12     | Identified the +6 great mace of Foolhardiness {venom,
                  | *Noise Str+2 Int+6}
 23348 | D:12     | Found a staircase to the Orcish Mines.
 23968 | Orc:1    | Entered Level 1 of the Orcish Mines
 24543 | Orc:1    | Learned a level 5 spell: Yara's Violent Unravelling
 24547 | Orc:1    | Learned a level 3 spell: Tukima's Dance
 24557 | Orc:2    | Entered Level 2 of the Orcish Mines
 24557 | Orc:2    | Found Sex Heku's Armour Shop.
 24955 | Orc:2    | Reached skill level 19 in Stealth
 24974 | Orc:2    | Found a staircase to the Elven Halls.
 25558 | Orc:2    | Reached skill level 10 in Fighting
 25706 | Orc:2    | Found Enabb's Jewellery Boutique.
 25725 | Orc:2    | Found Coox's Armour Shoppe.
 25726 | Orc:2    | Found a roughly hewn altar of Beogh.
 25800 | Orc:2    | Found Nyofil's Assorted Antiques.
 25887 | Orc:2    | Bought a knobbly marble ring for 135 gold pieces
 25887 | Orc:2    | Bought a scroll of blinking for 202 gold pieces
 25887 | Orc:2    | Bought a scroll of teleportation for 81 gold pieces
 25908 | Orc:2    | Found Beloxookk's Antique Armour Shoppe.
 25908 | Orc:2    | Noticed an orc warlord
 25927 | Orc:2    | Killed an orc warlord
 26167 | Orc:2    | Bought a pitted buckler for 313 gold pieces
 26167 | Orc:2    | Identified the +1 buckler "Tayralist" {MP+9 Stlth+} (You
                  | bought it in a shop on level 2 of the Orcish Mines)
 26952 | Orc:1    | Found a roughly hewn altar of Beogh.
 27276 | Snake:1  | Entered Level 1 of the Snake Pit
 27534 | Snake:1  | Noticed a nagaraja
 27552 | Snake:1  | Killed a nagaraja
 27956 | Snake:1  | Reached XP level 16. HP: 106/121 MP: 21/21
 29044 | Snake:1  | Noticed Louise
 29051 | Snake:1  | Killed Louise
 29076 | Snake:1  | Noticed Frances
 29082 | Snake:1  | Killed Frances
 29092 | Snake:1  | Identified the serpent talisman of the Miller {rElec}
 29092 | Snake:1  | Noticed Aizul
 29095 | Snake:1  | Killed Aizul
 29598 | Snake:1  | Learned a level 4 spell: Passage of Golubria
 29738 | Lair:1   | Bought a potion of heal wounds for 105 gold pieces
 29738 | Lair:1   | Bought a potion of haste for 210 gold pieces
 29738 | Lair:1   | Bought a potion of curing for 63 gold pieces
 29738 | Lair:1   | Bought a potion of curing for 63 gold pieces
 30508 | Swamp:1  | Reached skill level 20 in Stealth
 32988 | Snake:2  | Reached XP level 17. HP: 128/128 MP: 22/22
 33780 | Snake:2  | Reached skill level 10 in Evocations
 34442 | Snake:3  | Reached skill level 1 in Shapeshifting
 36546 | Snake:3  | Found Wahilad's Magic Scroll Shop.
 36549 | Snake:3  | Bought a scroll of teleportation for 36 gold pieces
 36549 | Snake:3  | Bought a scroll of teleportation for 36 gold pieces
 36549 | Snake:3  | Bought a scroll of teleportation for 36 gold pieces
 36549 | Snake:3  | Bought a scroll of fog for 48 gold pieces
 36601 | Snake:4  | Entered Level 4 of the Snake Pit
 37096 | D:13     | Reached skill level 21 in Stealth
 37338 | D:13     | Reached skill level 5 in Unarmed Combat
 38480 | D:14     | Found a gate to the Vaults.
 39679 | Swamp:2  | You fall into a shaft and drop 1 floor!
 40449 | Swamp:2  | Reached XP level 18. HP: 109/138 MP: 23/23
 41376 | Swamp:2  | Learned a level 4 spell: Cause Fear
 41736 | D:15     | Entered Level 15 of the Dungeon
 42010 | D:15     | Noticed Kirke
 42033 | D:15     | Killed Kirke
 42061 | D:14     | Reached skill level 15 in Dodging
 42598 | D:15     | Reached skill level 5 in Shapeshifting
 43139 | D:15     | Found a staircase to the Depths.
 44377 | Swamp:4  | Entered Level 4 of the Swamp
 45020 | Swamp:4  | Noticed Donald
 45316 | Swamp:4  | Killed Donald
 45317 | Swamp:4  | Reached skill level 22 in Stealth
 46704 | Swamp:4  | Noticed the 27-headed Lernaean hydra
 46711 | Swamp:4  | Got a decaying rune of Zot
 46718 | Swamp:4  | Killed the 27-headed Lernaean hydra
 47634 | Depths:1 | Entered Level 1 of the Depths
 47744 | Depths:1 | Found a gateway to Hell.
 47834 | Depths:1 | Found a one-way gate to the infinite horrors of the Abyss.
 47838 | Depths:1 | Found Timeevo's Jewellery Shoppe.
 47898 | Depths:1 | Bought the ring "Zomov" {Str+3 Slay+4} for 1004 gold pieces
 47922 | Depths:1 | Reached XP level 19. HP: 147/147 MP: 24/24
 48078 | Depths:1 | Mangled by a vampire knight

Illustrated notes

Levels and vault maps discovered:
D:1:      wander_arrival_peaceful_grave, layout_loops_ring,
          shapermc_ecumenical_altar_mp_vishouse
D:2:      layout_basic, serial_shops, shop, serial_bayou_pond_d
D:3:      layout_basic, kennysheep_jessica_study
D:4:      layout_rooms, mainiacjoe_overflow_paths, ebering_ghost_sewer_f,
          serial_shops, nicolae_shop_tiny_glass, corexii_corridor_pit,
          uniq_eustachio, uniq_edmund
D:5:      layout_rooms, uniq_sigmund
D:6:      layout_loops_cross, chequers_hall_statues_corner_a
D:7:      layout_basic, minmay_temple_entry_water_ring,
          chequers_ossuary_entry_cave, gammafunk_ghost_nasty_kobolds
D:8:      layout_basic, uniq_psyche
D:9:      layout_basic, dpeg_oklobed_lair, uniq_erolcha
D:10:     layout_long_grid, serial_shops, nicolae_shop_tiny_real_fake_doors
D:11:     layout_long_grid, uniq_fannar
D:12:     layout_basic, orc_0_dummy
D:13:     layout_loops_corners
D:14:     layout_rooms, hellmonk_vaults_attempted_burglary,
          amcnicky_mini_pool_small, hangedman_decor_riveting, drop_trap,
          hangedman_decor_growths
D:15:     gammafunk_depths_entry_grave, layout_layer_cave,
          serial_library_hellmonk_layered_room, uniq_kirke
Temple:   mainiacjoe_temple_circle_huts
Lair:1:   layout_chaotic_city, nicolae_lair_grove_arrangements,
          beast_lair_carwin_10
Lair:2:   layout_regular_city, alex1729_swamp_entry_worm_eleionoma,
          nicolae_volcano_entry_hallway, uniq_nergalle
Lair:3:   layout_chaotic_city, minmay_snake_entry_guardpost_small,
          serial_bayou_shore_b
Lair:4:   wad_woods_structure_01, layout_loops_ring,
          nicolae_slime_entry_field_trip, nicolae_lair_yak_garden
Lair:5:   minmay_lair_end_frog_pond, layout_misc_corridors, serial_forest,
          infiniplex_forest_pool, infiniplex_forest_straight_4,
          infiniplex_forest_zigzag_1, infiniplex_forest_end_double,
          infiniplex_forest_clump_small, pdpol_lair_cavern_descent
Swamp:1:  layout_falls_marsh, evilmike_swamp_ruin_house_4,
          nicolae_swamp_decorative_isthmus
Swamp:2:  layout_basic_swamp, nicolae_swamp_small_spring,
          cheibrodos_swamp_witchery
Swamp:3:  layout_basic_swamp, nicolae_swamp_long_stream
Swamp:4:  swamp_basic_johnstein, layout_basic_swamp, swamp_pool_1_2,
          beargit_elvish_explorers, uniq_donald
Snake:1:  layout_layer_cave, uniq_aizul, uniq_frances, uniq_louise
Snake:2:  layout_grid_shapes
Snake:3:  layout_cave_town, serial_shops, nicolae_shop_rolled_up,
          nicolae_snake_gridmaze_waves, grunt_megastairs_2
Snake:4:  snake_pit, layout_rooms, serial_library_hellmonk_small_corner,
          lemuel_fruit_tree, uniq_vashnia, uniq_bai_suzhen
Orc:1:    layout_caves, minmay_orc_temple_b
Orc:2:    hellmonk_orc_salted, layout_diamond_mine, serial_shops, shop
Depths:1: layout_gridville, serial_shops, shop, hangedman_abyss_or_decor_stabs,
          hangedman_abyss_entry_splay, grunt_hell_entry_dis_mu,
          minmay_misc_feat_secret_circle, tso_metal_star

Skill      XL: |  1  2  3  4  5  6  7  8  9 10 11 12 13 14 15 16 17 18 |
---------------+-------------------------------------------------------+-----
Short Blades   | 3 4 5 6 7 8 9 10 11 12 13 14 | 14.6
Dodging        | 3 4 5 6 7 8 9 10 11 12 13 14 15 | 15.5
Stealth        | 7 8 9 10 11 13 14 16 17 18 19 20 21 22 | 22.3
Evocations     | 1 2 3 4 6 7 8 9 10 | 10.0
Unarmed Combat | 1 3 6 7 |  7.8
Fighting       | 6 7 8 9 10 11 12 13 | 13.4
Shields        | 4 |  4.0
Hexes          | 1 4 6 7 8 9 |  9.1
Ice Magic      | 1 3 5 6 |  6.4
Spellcasting   | 1 3 |  3.6
Shapeshifting  | 4 6 |  6.2

Action                     |  1- 3 |  4- 6 |  7- 9 | 10-12 | 13-15 | 16-18 | 19-21 || total
---------------------------+-------+-------+-------+-------+-------+-------+-------++-------
  Melee: Tentacles         |     3 |    13 |    50 |    93 |   383 |   314 |     6 ||   862
         Short sword       |     3 |       |    54 |    16 |       |       |       ||    73
         Constrict         |     1 |    17 |    45 |    42 |   141 |   102 |       ||   348
         Rapier            |       |   107 |   132 |       |       |     8 |    29 ||   276
         Dagger            |       |       |       |   312 |  1179 |  1060 |       ||  2551
  Throw: Dart              |       |       |       |     1 |    10 |     1 |       ||    12
   Cast: Ensorcelled Hiber |       |       |       |    10 |   105 |   109 |       ||   224
         Cause Fear        |       |       |       |       |       |     2 |       ||     2
 Invoke: Call Merchant     |       |       |       |     1 |     1 |     3 |       ||     5
         Potion Petition   |       |       |       |       |     1 |     2 |     1 ||     4
  Evoke: Wand              |       |       |       |    10 |    15 |    41 |       ||    66
    Use: Scroll            |       |     4 |    12 |     7 |    12 |    23 |     2 ||    60
         Potion            |       |     1 |     4 |     5 |     6 |    13 |     2 ||    31
   Stab: Sleeping          |     1 |    33 |    22 |    38 |    92 |    96 |     3 ||   285
         Distracted        |       |     3 |     1 |     5 |     9 |    10 |       ||    28
         Invisible         |       |       |       |     1 |     3 |     2 |       ||     6
         Fleeing           |       |       |       |       |     1 |       |       ||     1
         Paralysed         |       |       |       |       |       |     2 |       ||     2
 Armour: Skin              |       |    38 |    80 |   137 |   434 |   531 |    19 ||  1239
  Dodge: Dodged            |     1 |    43 |   110 |   181 |   719 |   844 |     8 ||  1906
  Block: Buckler           |       |       |       |    32 |   345 |   420 |     4 ||   801
         Reflection        |       |       |       |       |    10 |    28 |       ||    38

Table legend: (Time is in decaauts)
 A = Elapsed time spent in this place.
 B = Non-inter-level travel time spent in this place.
 C = Inter-level travel time spent in this place.
 D = Time resting spent in this place.
 E = Time spent auto-exploring this place.
 F = Levels seen in this place.
 G = Mean time per level.
                   A        B        C        D        E       F      G
               +--------+--------+--------+--------+--------+-----+--------+
         Total |  46924 |  42781 |   4143 |    554 |  35146 |  33 | 1421.9 |
       Dungeon |  16927 |  14962 |   1965 |     37 |  12717 |  15 | 1128.5 |
        Temple |    194 |    152 |     42 |      0 |    135 |   1 |  194.0 |
          Lair |  12085 |  10619 |   1466 |    276 |   8334 |   5 | 2417.0 |
         Swamp |   6852 |   6605 |    247 |    173 |   5318 |   4 | 1713.0 |
     Snake Pit |   7664 |   7374 |    290 |     17 |   6263 |   4 | 1916.0 |
  Orcish Mines |   2559 |   2429 |    130 |     51 |   1900 |   2 | 1279.5 |
        Depths |    425 |    425 |      0 |      0 |    355 |   1 |  425.0 |
       Ossuary |    216 |    216 |      0 |      0 |    123 |   1 |  216.0 |
               +--------+--------+--------+--------+--------+-----+--------+

Top non-repeatable levels by time:
  Lair:4: 3856 daAuts
 Snake:2: 2975 daAuts
 Swamp:4: 2705 daAuts
 Snake:1: 2389 daAuts
  Lair:1: 2385 daAuts
  Lair:2: 2358 daAuts
 Snake:3: 2289 daAuts
  Lair:3: 1997 daAuts
   Orc:2: 1808 daAuts
 Swamp:1: 1772 daAuts
     D:9: 1665 daAuts
    D:14: 1598 daAuts
    D:15: 1567 daAuts
     D:7: 1498 daAuts
 Swamp:2: 1491 daAuts
